 Dungeon Crawl Stone Soup version 0.27.1-33-g824d729ab1 (webtiles) character file.

Game seed: 5325825295479955476

103 jlumianski the Ducker (level 4, 0/41 HPs)
             Began as a Gnoll Monk on Dec 21, 2021.
             Slain by an ogre (23 damage)
             ... on level 3 of the Dungeon.
             The game lasted 00:09:34 (2394 turns).

jlumianski the Ducker (Gnoll Monk)                  Turns: 2394, Time: 00:09:34

Health: 0/41       AC:  4    Str: 12    XL:     4   Next: 79%
Magic:  5/5        EV: 14    Int:  9    God:
Gold:   105        SH:  0    Dex: 14    Spells: 5/5 levels left

rFire    . . .     SeeInvis .   d - +2 whip (venom)
rCold    . . .     Faith    .   (no shield)
rNeg     . . .     Spirit   .   q - +0 leather armour
rPois    .         Reflect  .   l - +0 helmet
rElec    .         Harm     .   (no cloak)
rCorr    .         Rampage  .   (no gloves)
Will     .....                  (no boots)
Stlth    ++........             (no amulet)
HPRegen  0.13/turn              (no ring)
MPRegen  0.09/turn              (no ring)

@: no status effects
A: fangs 1, strong nose, distributed training
a: no special abilities


You were on level 3 of the Dungeon.
You visited 1 branch of the dungeon, and saw 3 of its levels.

You collected 105 gold pieces.

Inventory:

Hand Weapons
 a - a +0 hand axe
 d - a +2 whip of venom (weapon)
 k - a +0 dagger of holy wrath
 m - a +1 vampiric dagger
 p - a +2 dagger of freezing
Missiles
 c - 63 bolts
 e - 42 stones
 f - 11 poisoned darts (quivered)
 j - 6 javelins
Armour
 b - a +0 robe
 l - a +0 helmet (worn)
 q - a +0 leather armour (worn)
Scrolls
 g - 2 scrolls of identify {unknown}
 n - a scroll of teleportation {unknown}
 r - a scroll of magic mapping {unknown}
 s - a scroll of enchant armour {unknown}
Potions
 h - 2 potions of ambrosia {unknown}
 i - a potion of haste {unknown}
 o - a potion of brilliance {unknown}


   Skills:
 + Level 6.6 Fighting
 + Level 1.2 Short Blades
 + Level 1.2 Long Blades
 + Level 6.6 Axes
 + Level 1.2 Maces & Flails
 + Level 1.2 Polearms
 + Level 1.2 Staves
 + Level 1.2 Slings
 + Level 1.2 Bows
 + Level 1.2 Crossbows
 + Level 1.2 Throwing
 + Level 1.2 Armour
 + Level 6.6 Dodging
 + Level 4.3 Stealth
 + Level 1.2 Shields
 + Level 1.2 Unarmed Combat
 + Level 1.2 Spellcasting
 + Level 1.0 Conjurations
 + Level 1.0 Hexes
 + Level 1.0 Summonings
 + Level 1.0 Necromancy
 + Level 1.0 Translocations
 + Level 1.0 Transmutations
 + Level 1.0 Fire Magic
 + Level 1.0 Ice Magic
 + Level 1.0 Air Magic
 + Level 1.0 Earth Magic
 + Level 1.0 Poison Magic
 + Level 1.3 Invocations
 + Level 1.2 Evocations


You had 5 spell levels left.
You didn't know any spells.
Your spell library was empty.

Dungeon Overview and Level Annotations

Branches:
Dungeon (3/15)

Altars:

Shops:
D:2 [


Innate Abilities, Weirdness & Mutations

You have very sharp teeth.
Your uncanny sense of smell can sniff out nearby items.
Your experience applies equally to all skills.


Message History

Found 7 gold pieces.
Found 16 stones.
You now have 105 gold pieces (gained 7).
e - 42 stones (gained 16)
You see here 19 arrows.
You see here a frilled lizard skeleton.
Found a scroll labelled YHAKOKKIDGH.
An ogre comes into view. It is wielding a +0 giant spiked club.
Found a scroll labelled CIRPHI GEES.
You see here a scroll labelled YHAKOKKIDGH.
The ogre shouts!
The ogre hits you with a +0 giant spiked club!
You barely miss the ogre.
A kobold comes into view.
It is wielding a +0 whip and quivering poisoned darts.
The kobold shouts!
You hit the ogre.
The ogre is poisoned.
The ogre is lightly wounded.
The ogre completely misses you.
You see here a scroll labelled YHAKOKKIDGH.
A ball python comes into view.
The ball python hisses angrily.
An orc comes into view. It is wielding a +0 falchion.
The ball python closely misses you. x2
An orc comes into view.
It is wielding a +0 club and quivering silver boomerangs.
The orc shouts! x2; You hear a shout!
The orc throws a silver boomerang.
The silver boomerang hits you but does no damage.
The ogre looks more healthy.
The orc throws a silver boomerang.
The silver boomerang misses you. The orc completely misses you.
The orc throws a silver boomerang.
The silver boomerang hits you but does no damage.
The orc hits you with a +0 falchion. The orc hits you but does no damage.
Okay, then. 2 orcs come into view.
You whack the ogre!
The ogre is severely wounded.
The ogre hits you with a +0 giant spiked club!!
Ouch! That really hurt!
You die...

#######....#.# #### #....
#....##.[..#.# #....
#....##....#.# #....
#....##....#.# # #....
#....##....#.#.# #....
######........oS#o#.# #....
#....'.....#...o....# #....
##.###....#######.##########....
#...+.........@OS#.............
#..##....#########.############
#..####### #.# #..# #.# #..# #.#
#..# #.# #..# ##### #.#
#..###...#########.#
#..#.'...'.......#.#


You could see an ogre and a ball python.

Vanquished Creatures
  Robin (D:1)
  An adder (D:3)
  2 dart slugs
  2 ball pythons
  6 bats
  7 endoplasms
  A giant cockroach (D:1)
  10 goblins
  9 hobgoblins
  6 jackals
  11 kobolds
  2 quokkas
  7 frilled lizards
  4 rats (D:1)
69 creatures vanquished.

Vanquished Creatures (others)
  A plant (D:1)
1 creature vanquished.

Grand Total: 70 creatures vanquished

Notes
Turn   | Place    | Note
-------+----------+-------------------------------------------
     0 | D:1      | jlumianski the Gnoll Monk began the quest for the Orb.
     0 | D:1      | Reached XP level 1. HP: 23/23 MP: 1/1
    36 | D:2      | Found Otazudom's Antique Armour Emporium.
    97 | D:1      | Reached XP level 2. HP: 29/29 MP: 2/2
   183 | D:1      | Found a faded altar of an unknown god.
   369 | D:1      | Reached XP level 3. HP: 35/35 MP: 3/3
   702 | D:1      | Reached skill level 1 in Invocations
   793 | D:2      | Noticed Robin
   889 | D:1      | Reached skill level 1 in Short Blades
   889 | D:1      | Reached skill level 1 in Long Blades
   889 | D:1      | Reached skill level 1 in Maces & Flails
   889 | D:1      | Reached skill level 1 in Polearms
   889 | D:1      | Reached skill level 1 in Staves
   889 | D:1      | Reached skill level 1 in Slings
   889 | D:1      | Reached skill level 1 in Bows
   889 | D:1      | Reached skill level 1 in Crossbows
   889 | D:1      | Reached skill level 1 in Throwing
   889 | D:1      | Reached skill level 1 in Armour
   889 | D:1      | Reached skill level 1 in Shields
   889 | D:1      | Reached skill level 1 in Unarmed Combat
   889 | D:1      | Reached skill level 1 in Spellcasting
   889 | D:1      | Reached skill level 1 in Evocations
  1070 | D:1      | Reached XP level 4. HP: 27/41 MP: 5/5
  1196 | D:1      | Killed Robin
  1963 | D:3      | Reached skill level 1 in Conjurations
  1963 | D:3      | Reached skill level 1 in Hexes
  1963 | D:3      | Reached skill level 1 in Summonings
  1963 | D:3      | Reached skill level 1 in Necromancy
  1963 | D:3      | Reached skill level 1 in Translocations
  1963 | D:3      | Reached skill level 1 in Transmutations
  1963 | D:3      | Reached skill level 1 in Fire Magic
  1963 | D:3      | Reached skill level 1 in Ice Magic
  1963 | D:3      | Reached skill level 1 in Air Magic
  1963 | D:3      | Reached skill level 1 in Earth Magic
  1963 | D:3      | Reached skill level 1 in Poison Magic
  2361 | D:3      | Noticed an ogre
  2394 | D:3      | Slain by an ogre

Illustrated notes

Levels and vault maps discovered:
D:1:      wander_arrival_desolate, layout_rooms,
          chequers_ecumenical_altar_twisty, serial_bayou_pond_b
D:2:      layout_loops_ring, serial_shops, nicolae_diamond_shop, uniq_robin
D:3:      layout_basic

Skill      XL: |  1  2  3  4 |
---------------+-------------+-----
Invocations    | 1 |  1.3
Short Blades   | 1 |  1.2
Long Blades    | 1 |  1.2
Maces & Flails | 1 |  1.2
Polearms       | 1 |  1.2
Staves         | 1 |  1.2
Slings         | 1 |  1.2
Bows           | 1 |  1.2
Crossbows      | 1 |  1.2
Throwing       | 1 |  1.2
Armour         | 1 |  1.2
Shields        | 1 |  1.2
Unarmed Combat | 1 |  1.2
Spellcasting   | 1 |  1.2
Evocations     | 1 |  1.2
Conjurations   | 1 |  1.0
Hexes          | 1 |  1.0
Summonings     | 1 |  1.0
Necromancy     | 1 |  1.0
Translocations | 1 |  1.0
Transmutations | 1 |  1.0
Fire Magic     | 1 |  1.0
Ice Magic      | 1 |  1.0
Air Magic      | 1 |  1.0
Earth Magic    | 1 |  1.0
Poison Magic   | 1 |  1.0
Fighting       | |  6.6
Axes           | |  6.6
Dodging        | |  6.6
Stealth        | |  4.3

Action                   |  1- 3 |  4- 6 || total
-------------------------+-------+-------++-------
Melee: Whip              |    92 |    58 ||   150
       Hand axe          |     2 |       ||     2
       Bite              |    10 |     7 ||    17
       Punch             |     1 |       ||     1
Throw: Dart              |     3 |       ||     3
 Stab: Sleeping          |     2 |     2 ||     4
       Distracted        |     1 |       ||     1
Armor: Robe              |    12 |     7 ||    19
       Leather armour    |       |     7 ||     7
Dodge: Dodged            |    56 |    33 ||    89
